 Dungeon Crawl Stone Soup version 0.25.0-37-gb73750e0fb (webtiles) character file.

Game seed: 13634429138155199225

121 xccam the Sneak (level 5, -3/34 HPs)
             Began as an Octopode Assassin on July 8, 2020.
             Shot with a stone by a goblin (8 damage)
             ... on level 3 of the Dungeon.
             The game lasted 00:01:58 (2261 turns).

xccam the Sneak (Octopode Assassin)                 Turns: 2261, Time: 00:01:58

Health: -3/34      AC:  1    Str: 11    XL:     5   Next: 5%
Magic:  5/5        EV: 13    Int: 13    God:
Gold:   208        SH:  0    Dex: 14    Spells: 4/4 levels left

rFire    . . .     SeeInvis .   a - +2 dagger
rCold    . . .     Gourm    .   (no shield)
rNeg     . . .     Faith    .   e - +0 hat
rPois    .         Spirit   .   q - amulet of regeneration
rElec    .         Reflect  .   (no ring)
rCorr    .         Harm     .   (no ring)
MR       .....                  (no ring)
Stlth    ++++......             (no ring)
HPRegen  0.11/turn              (no ring)
MPRegen  0.09/turn              (no ring)
                                (no ring)
                                (no ring)

@: stab
A: almost no armour, stealthy swim, amphibious, 8 rings, constrict 8, camouflage
1, gelatinous body 1
a: no special abilities


You were on level 3 of the Dungeon.
You were not hungry.

You visited 1 branch of the dungeon, and saw 3 of its levels.

You collected 208 gold pieces.

Inventory:

Hand Weapons
 a - a +2 dagger (weapon)
Missiles
 b - 4 poisoned darts (quivered)
 c - 2 curare-tipped darts
Armour
 e - a +0 hat (worn)
Jewellery
 q - an amulet of regeneration (around mantle)
Scrolls
 g - 2 scrolls of enchant weapon {unknown}
 i - 2 scrolls of identify {unknown}
 k - 4 scrolls of remove curse {unknown}
 m - 2 scrolls of enchant armour {unknown}
 o - 2 scrolls of immolation {unknown}
 p - a scroll of noise {unknown}
Potions
 h - a potion of curing
 n - a potion of heal wounds {unknown}
Comestibles
 d - 8 rations


   Skills:
 - Level 2.0 Fighting
 + Level 5.0 Short Blades
 - Level 2.0 Throwing
 - Level 1.0 Dodging
 - Level 5.3 Stealth


You had 4 spell levels left.
You didn't know any spells.
Your spell library was empty.

Dungeon Overview and Level Annotations

Branches:
Dungeon (3/15)

Altars:
Makhleb


Innate Abilities, Weirdness & Mutations

You cannot wear most types of armour.
You are very stealthy in the water. (Stealth+)
You are amphibious.
You can wear up to eight rings at the same time.
You can use your tentacles to constrict eight enemies at once.
Your skin changes colour to match your surroundings (Stealth+).
Your rubbery body absorbs attacks. (AC +1, EV +1)


Message History

* * * LOW HITPOINT WARNING * * *
The hippogriff claws you.
* * * LOW HITPOINT WARNING * * *
It was a potion of stabbing.
You feel ready to backstab. The orc misses you.
The hippogriff barely misses you. x2
The hippogriff claws you.
* * * LOW HITPOINT WARNING * * *
Okay, then.
The hippogriff looks more healthy.
A hobgoblin comes into view. It is wielding a +0 club.
The hobgoblin shouts!
Really walk into that teleport trap?
You enter a teleport trap!
The teleport trap disappears.
Your surroundings suddenly seem different.
A goblin comes into view. It is wielding a +0 club.
The goblin shouts!
The goblin unwields a +0 club.
The goblin wields a +0 hunting sling.
The goblin shoots a stone.
The stone hits you!
You die...

.................
#................#..
#.........).........
#...................
#............†......
#............)......
#........(.........>
#...................
#..@................
####..#..#./........
#.....#........##.
#....#..#.#.######
.......##.#.# #
......####(#.# #
#......# .. #
.....#g# .( #
......... #


You could see a goblin.

Vanquished Creatures
  A hound (D:2)
  4 adders
  A dart slug (D:2)
  A leopard gecko (D:1)
  3 orcs (D:3)
  4 giant cockroaches
  5 goblins
  6 hobgoblins
  4 jackals (D:2)
  2 quokkas (D:2)
  3 bats
  3 frilled lizards (D:2)
  A jackal skeleton (D:3)
  6 kobolds
  3 rats
47 creatures vanquished.

Notes
Turn   | Place    | Note
-------+----------+-------------------------------------------
     0 | D:1      | xccam the Octopode Assassin began the quest for the Orb.
     0 | D:1      | Reached XP level 1. HP: 14/14 MP: 1/1
   139 | D:1      | Reached XP level 2. HP: 19/19 MP: 2/2
   744 | D:2      | Reached XP level 3. HP: 24/24 MP: 3/3
  1423 | D:2      | Found a burning altar of Makhleb.
  1429 | D:2      | Reached XP level 4. HP: 8/29 MP: 4/4
  2067 | D:3      | Reached skill level 5 in Short Blades
  2067 | D:3      | Reached XP level 5. HP: 19/34 MP: 5/5
  2217 | D:3      | Noticed a hippogriff
  2261 | D:3      | Shot with a stone by a goblin

Illustrated notes

Levels and vault maps discovered:
D:1:      lemuel_arrival_room, layout_loops_ring
D:2:      layout_loops_ring, makhleb_heckhound_becter, serial_forest,
          infiniplex_forest_end_double, infiniplex_forest_clump_curved,
          infiniplex_forest_corner_1, infiniplex_forest_lined_2,
          infiniplex_forest_side_room, infiniplex_forest_lined_3, first_ration
D:3:      layout_rooms, ebering_ghost_sewer_f, minmay_goblin_outpost

Skill      XL: |  1  2  3  4 |
---------------+-------------+-----
Short Blades   | 3 4 5 |  5.0
Fighting       | |  2.0
Throwing       | |  2.0
Dodging        | |  1.0
Stealth        | |  5.3

Action                   |  1- 3 |  4- 6 || total
-------------------------+-------+-------++-------
Melee: Dagger            |    62 |    41 ||   103
       Constrict         |    14 |     8 ||    22
       Tentacles         |     9 |     6 ||    15
Throw: Dart              |       |     4 ||     4
  Use: Potion            |       |     4 ||     4
 Stab: Sleeping          |    14 |     1 ||    15
       Distracted        |     1 |     1 ||     2
  Eat: Chunk             |     2 |     2 ||     4
Armor: Skin              |     2 |     1 ||     3
Dodge: Dodged            |    18 |    28 ||    46
